 Dungeon Crawl Stone Soup version 0.30-a0-1160-g6e42c06551 (webtiles) character file.

Game seed: 8694321453336108730

6661 ytrimaz the Nimble (level 11, -1/67 HPs)
             Began as an Octopode Fighter on Apr 27, 2023.
             Was a Believer of Uskayaw.
             Slain by Amaemon
             ... wielding a +1 demon whip of venom
              (6 damage)
             ... on level 9 of the Dungeon.
             The game lasted 00:13:15 (9562 turns).

ytrimaz the Nimble (Octopode Fighter)               Turns: 9562, Time: 00:13:16

Health: -1/67      AC:  1    Str: 14 (15) XL:     11   Next: 3%
Magic:  8/11       EV: 23    Int: 11 (12) God:    Uskayaw [**....]
Gold:   408        SH:  6    Dex: 15      Spells: 10/10 levels left

rFire   + + .        a - +0 long sword
rCold   + + .        b - +1 buckler
rNeg    + . .        (helmet restricted)
rPois   +            g - amulet of the acrobat
rElec   +            f - +5 ring of evasion
rCorr   +            p - ring of protection from cold
SInv    .            s - ring of positive energy
Will    .....        t - +4 ring of slaying
Stlth   +++++        (no ring)
HPRegen 0.31/turn    (no ring)
MPRegen 0.12/turn    (no ring)
                     (no ring)

%: acrobat
@: resistant
A: almost no armour, amphibious, 8 rings, camouflage 1, gelatinous body 1,
(nimble swimmer 1), tentacles, deterioration 1, fire resistance 1, inability to
read after injury 1
a: Renounce Religion, Stomp, Line Pass


You were on level 9 of the Dungeon.
You worshipped Uskayaw.
Uskayaw was noncommittal.
You visited 2 branches of the dungeon, and saw 10 of its levels.

You collected 631 gold pieces.
You spent 223 gold pieces at shops.


Innate Abilities, Weirdness & Mutations

You cannot wear most types of armour.
You are amphibious.
You can wear up to eight rings at the same time.
Your skin changes colour to match your surroundings (Stealth+).
Your rubbery body absorbs attacks. (AC +1, EV +1)
((You are camouflaged when in or above water. (Stealth+)))
You have tentacles for arms and can constrict up to eight enemies at once.
Your body sometimes deteriorates upon taking damage.
Your flesh is heat resistant. (rF+)
You occasionally lose the ability to read scrolls when taking damage.


   Skills:
 - Level 3.0 Fighting
 + Level 10.8 Long Blades
 + Level 11.1 Dodging
 + Level 8.8 Stealth
 - Level 4.0 Shields


You had 10 spell levels left.
You didn't know any spells.
Your spell library contained the following spells:

 Spells                   Type           Power      Damage    Failure   Level
 Cigotuvi's Dreadful Rot  Necr/Pois/Air  0%         N/A       56%         2
 Dazzling Flash           Conj/Hex       0%         N/A       80%         3
 Gell's Gravitas          Tloc           0%         N/A       80%         3
 Ignite Poison            Fire/Tmut/Pois 0%         N/A       80%         3
 Inner Flame              Hex/Fire       0%         N/A       80%         3
 Summon Guardian Golem    Hex/Summ       0%         N/A       80%         3
 Teleport Other           Tloc           0%         N/A       80%         3
 Volatile Blastmotes      Fire/Tloc      0%         2d10      80%         3
 Flame Wave               Conj/Fire      0%         2d4       99%         4
 Fulminant Prism          Conj/Hex       0%         3d5       99%         4
 Iskenderun's Mystic Bla  Conj/Tloc      0%         2d3       99%         4
 Sticky Flame             Conj/Fire      0%         2d3       99%         4
 Agony                    Necr           0%         N/A       100%        5
 Borgnjor's Vile Clutch   Necr/Erth      0%         N/A       100%        5
 Freezing Cloud           Conj/Ice/Air   0%         6-21      100%        5
 Lee's Rapid Deconstruct  Erth           0%         3d4*      100%        5
 Silence                  Hex/Air        0%         N/A       100%        5
 Dispersal                Tloc           0%         N/A       100%        6
 Starburst                Conj/Fire      0%         6d3       100%        6
 Orb of Destruction       Conj           0%         9d5       100%        7
 Spellforged Servitor     Conj/Summ      0%         N/A       100%        7

Inventory:

Hand Weapons
 a - a +0 long sword (weapon)
Missiles
 e - 2 throwing nets
Armour
 b - a +1 buckler (worn)
Jewellery
 f - a +5 ring of evasion (left tentacle)
   (You found it on level 1 of the Dungeon)
 g - an amulet of the acrobat (around mantle)
   (You found it on level 1 of the Dungeon)
 k - the ring of Baomet {Fire Str+8}
   (You found it on level 8 of the Dungeon)

   [ring of fire]

   It enhances your fire magic.
   Str:       It affects your strength (+8).
   rF:        It protects you from fire.
   rC:        It makes you vulnerable to cold.
 p - a ring of protection from cold (right tentacle)
   (You found it on level 6 of the Dungeon)
 s - a ring of positive energy (on tentacle)
   (You found it on level 6 of the Dungeon)
 t - a +4 ring of slaying (on tentacle)
   (You took it off a kobold brigand on level 7 of the Dungeon)
Wands
 q - a wand of polymorph (5) (quivered)
   (You found it on level 6 of the Dungeon)
Scrolls
 i - 2 scrolls of identify
 j - 3 scrolls of amnesia
 n - 2 scrolls of enchant armour
 o - 3 scrolls of teleportation
 r - a scroll of fog
Potions
 c - 2 potions of might
 l - a potion of berserk rage

Dungeon Overview and Level Annotations

Branches:
Dungeon (9/15) Zot: 26556  Temple (1/1) D:4 Zot: 5853    Lair (0/5) D:9
    Orc: D:9-12

Altars:
Ashenzari
Cheibriados
Dithmenos
Elyvilon
Fedhas
Gozag
Hepliaklqana
Kikubaaqudgha
Makhleb
Nemelex Xobeh
Okawaru
Qazlal
Ru
Sif Muna
Trog
Uskayaw
Vehumet
Wu Jian
Yredelemnul
Zin
The Shining One

Shops:
D:3 =*   D:8 [*

Annotations:
D:3 2 runed translucent doors, Crazy Yiuf; nononono's ghost, weakling HuCA
D:9 Amaemon; Harold

### ..# ...#
### .#'## ..#
....###
.######.##
.#..'.
#........#
....#
..#......####
....#
#......4....#
....#
..#....@6#
....#
#........#
)...#
.........#
))..#
#######.##
†...# ##...#
'####
####..### †#
#.<..## .#
#+#### ####


You could see Amaemon and an orange demon (curare).


Message History

a rime drake corpse; a water moccasin corpse
There is an open door, spattered with blood here.
You open the door.
There is an open door here.
There is a stone staircase leading up here.
The ice beast closely misses you.
You climb upwards.
There is a stone staircase leading down here.
Unknown command.
You hit the ice beast but do no damage. Your squeeze misses the ice beast.
Unknown command.
You closely miss the ice beast. Your squeeze misses the ice beast.
The ice beast completely misses you.
You hit the ice beast. You squeeze the ice beast!
The ice beast completely misses you.
Unknown command.
You slash the ice beast! The ice beast completely misses you.
You can now pass through a line of other dancers.
You closely miss the ice beast. Your squeeze misses the ice beast.
The ice beast misses you.
You slice the ice beast!!
You kill the ice beast!
Unknown command.
You start waiting.
The sentinel's mark upon you fades away.
Unknown command.
There is a stone staircase leading down here.
You climb downwards.
Level annotation: Harold
There is a stone staircase leading up here.
Unknown command.
Amaemon the Diabolical Poisoner comes into view.
He is wielding a +1 demon whip of venom.
An orange demon comes into view.
Amaemon shouts!
The orange demon screeches!
Amaemon completely misses you. You block Amaemon's attack.
Amaemon completely misses you.
You closely miss Amaemon. You grab Amaemon. You squeeze Amaemon!
You constrict Amaemon, but do no damage.
The orange demon stings you from afar! Amaemon completely misses you.
Amaemon misses you.
Amaemon tail-slaps you but does no damage. 😕 HP[-12]
You take 12 damage, and now have 55/67 hp.
You slash Amaemon! You squeeze Amaemon! You constrict Amaemon.
Amaemon misses you. Amaemon barely misses you. You block Amaemon's attack.
The orange demon misses you.
You can now pass through a line of other dancers.
You slash Amaemon! You squeeze Amaemon. You constrict Amaemon.
The orange demon completely misses you. Amaemon completely misses you.
Amaemon closely misses you. x2 😕 HP[+1]
You barely miss Amaemon. You squeeze Amaemon. You constrict Amaemon.
The orange demon stings you from afar!
Your body deteriorates!
You feel dopey.
You are poisoned.
The orange demon poisons you! You block Amaemon's attack. Amaemon claws you!
Amaemon barely misses you. 😮 HP[-19]
You take 19 damage, and now have 37/67 hp.
MASSIVE DAMAGE!! (PAUSE)
You release your grip on Amaemon.
You feel very sick. The orange demon stings you.
* * * LOW HITPOINT WARNING * * *
You are more poisoned.
The orange demon poisons you! You block the orange demon's attack.
You block Amaemon's attack. Amaemon barely misses you.
Amaemon completely misses you. 😨 HP[-7]
You take 7 damage, and now have 30/67 hp.
You stomp with the beat, sending a shockwave through the revellers around you!
* * * LOW HITPOINT WARNING * * *
You feel extremely sick.
The orange demon completely misses you. x2
Amaemon hits you with a +1 demon whip of venom!!
You feel threatened and lose the ability to read scrolls!
* * * LOW HITPOINT WARNING * * *
Your body deteriorates!
You feel weakened. Amaemon completely misses you.
Amaemon misses you. 😱 HP[-24] MP[-3]
You take 24 damage, and now have 6/67 hp.
MASSIVE DAMAGE!! (PAUSE)
You lost 3 mp, and now have 8/11 mp.
Unknown command.
It was a potion of resistance.
You feel protected.
You can read scrolls again.
* * * LOW HITPOINT WARNING * * *
You feel very sick. The orange demon misses you.
You block the orange demon's attack.
Amaemon casts a spell at the orange demon.
The orange demon seems to grow toxic. 😱 HP[-5]
You take 5 damage, and now have 1/67 hp.
Unknown command.
It was a potion of curing.
You feel better. The orange demon closely misses you.
The orange demon hits you.
* * * LOW HITPOINT WARNING * * *
You block Amaemon's attack. Amaemon misses you. Amaemon tail-slaps you.
You die...

Skill      XL: |  1  2  3  4  5  6  7  8  9 10 |
---------------+-------------------------------+-----
Shields        | 4 |  4.0
Long Blades    | 3 4 5 6 7 9 10 | 10.8
Dodging        | 4 6 8 9 11 | 11.1
Stealth        | 4 8 |  8.8
Fighting       | |  3.0

Action                     |  1- 3 |  4- 6 |  7- 9 | 10-12 || total
---------------------------+-------+-------+-------+-------++-------
  Melee: Long sword        |    58 |    97 |   196 |   127 ||   478
         Constrict         |    15 |    23 |    41 |    19 ||    98
         Tentacles         |     7 |    16 |    54 |    38 ||   115
         Punch             |       |     1 |     3 |     2 ||     6
 Invoke: Stomp             |       |       |       |     6 ||     6
    Use: Scroll            |     5 |     5 |     3 |     2 ||    15
         Potion            |       |     1 |     3 |    10 ||    14
   Stab: Sleeping          |     5 |     8 |     6 |     2 ||    21
         Paralysed         |       |     1 |     8 |     7 ||    16
 Armour: Skin              |     3 |     1 |    10 |    18 ||    32
  Dodge: Dodged            |    49 |    93 |   126 |   156 ||   424
  Block: Buckler           |    12 |    28 |    44 |    50 ||   134

Levels and vault maps discovered:
D:1:      dpeg_arrival_solitude, layout_rooms, dreamdust_wishing_well
D:2:      layout_basic, shapermc_ecumenical_altar_totnotflames
D:3:      layout_loops_ring, mainiacjoe_overflow_six_doors_small,
          hellmonk_ghost_happy_afterlife, serial_shops, nicolae_shop_trees,
          shop, uniq_jessica, uniq_crazy_yiuf_cottage
D:4:      layout_loops_ring, minmay_temple_entry_proselytizer,
          kennysheep_cross_bottleneck
D:5:      layout_gridville, moated_statue, uniq_pikel
D:6:      layout_basic, nicolae_benzene_ring, minmay_gold_behind_fungi,
          nrook_uturn, dreamdust_gnoll_farm
D:7:      layout_loops_cross
D:8:      layout_rooms, serial_shops, nicolae_shop_advertising_works
          [nicolae_subvault_shop_adworks], shop_coins, gammafunk_ghost_icy
D:9:      layout_roguey, xom_butterflies, hellmonk_lair_entry_icy, hex_tiny,
          uniq_harold, uniq_amaemon
Temple:   nicolae_temple_bog_church

Notes
Turn   | Place    | Note
-------+----------+-------------------------------------------
     0 | D:1      | ytrimaz the Octopode Fighter began the quest for the Orb.
     0 | D:1      | Reached XP level 1. HP: 16/16 MP: 1/1
     0 | D:1      | magus.rc [v1.9.6]
    69 | D:1      | You add the spells Gell's Gravitas, Teleport Other and
                  | Dispersal to your library.
   171 | D:1      | Reached XP level 2. HP: 18/21 MP: 2/2
   619 | D:2      | Reached XP level 3. HP: 26/26 MP: 3/3
   811 | D:2      | You add the spells Flame Wave, Borgnjor's Vile Clutch and
                  | Starburst to your library.
   811 | D:2      | Got Sif Muna's Annotations on the Scorched Tektite
  1048 | D:2      | You pick up a book of Dangerous Friends and begin
                  | reading...
  1048 | D:2      | You add the spells Summon Guardian Golem, Orb of
                  | Destruction and Spellforged Servitor to your library.
  1360 | D:2      | Found a faded altar of an unknown god.
  1921 | D:3      | Noticed Jessica
  1924 | D:3      | Killed Jessica
  1925 | D:3      | Reached skill level 4 in Shields
  1925 | D:3      | Reached XP level 4. HP: 29/31 MP: 4/4
  1941 | D:3      | Noticed nononono's ghost (weakling HuCA)
  1945 | D:3      | Found a runed translucent door.
  2039 | D:3      | Reached skill level 3 in Long Blades
  2293 | D:3      | Found a sacrificial altar of Ru.
  2343 | D:3      | Found Tyikayno's Jewellery Shop.
  2355 | D:3      | Found Kocino Tafu's Assorted Antiques.
  2363 | D:3      | Bought a scroll labelled DEUBOT PIEKYFE for 29 gold pieces
  2363 | D:3      | Bought a scroll labelled SUV ODOJEH POACO for 29 gold
                  | pieces
  2604 | D:3      | Found a runed translucent door.
  2605 | D:3      | Noticed Crazy Yiuf
  2772 | D:4      | Found a staircase to the Ecumenical Temple.
  2779 | D:4      | Reached skill level 4 in Dodging
  2779 | D:4      | Reached XP level 5. HP: 36/36 MP: 5/5
  3452 | Temple   | Entered the Ecumenical Temple
  3587 | Temple   | Became a worshipper of Uskayaw the Reveller
  3623 | D:5      | Entered Level 5 of the Dungeon
  3623 | D:5      | Noticed a phantom
  3634 | D:5      | Reached * piety under Uskayaw
  3636 | D:5      | Reached ** piety under Uskayaw
  3640 | D:5      | Killed a phantom
  3641 | D:5      | Reached skill level 4 in Long Blades
  3641 | D:5      | Reached XP level 6. HP: 24/42 MP: 6/6
  3713 | D:5      | You add the spells Cigotuvi's Dreadful Rot, Ignite Poison
                  | and Freezing Cloud to your library.
  3809 | D:4      | Reached *** piety under Uskayaw
  3821 | D:5      | Reached **** piety under Uskayaw
  3823 | D:5      | Reached skill level 5 in Dodging
  3899 | D:5      | Noticed Pikel
  3905 | D:5      | HP: 9/42 [Pikel/+2 whip of flaming (8)]
  3906 | D:5      | Killed Pikel
  3907 | D:5      | Reached skill level 5 in Long Blades
  3907 | D:5      | Reached skill level 6 in Dodging
  3907 | D:5      | Reached XP level 7. HP: 8/46 MP: 7/7
  4073 | D:5      | Reached skill level 6 in Long Blades
  4439 | D:5      | HP: 4/46 [ice beast (11)]
  4441 | D:5      | Reached XP level 8. HP: 5/52 MP: 8/8
  4896 | D:5      | Reached skill level 7 in Dodging
  5273 | D:6      | Noticed a yak
  5273 | D:6      | Noticed a yak
  5273 | D:6      | Noticed a yak
  5298 | D:6      | Killed a yak
  5299 | D:6      | Reached skill level 7 in Long Blades
  5302 | D:6      | HP: 12/52 [yak (17)]
  5306 | D:6      | HP: 3/78 [yak (11)]
  5311 | D:6      | Killed a yak
  5312 | D:6      | Reached ***** piety under Uskayaw
  5316 | D:6      | HP: 12/78 [yak (11)]
  5317 | D:6      | Killed a yak
  5318 | D:6      | Reached skill level 8 in Dodging
  5508 | D:6      | Reached XP level 9. HP: 29/56 MP: 9/9
  5794 | D:6      | Reached skill level 8 in Long Blades
  6865 | D:7      | Reached skill level 9 in Dodging
  7100 | D:7      | Reached skill level 1 in Stealth
  7226 | D:7      | Reached skill level 9 in Long Blades
  7314 | D:7      | Reached skill level 2 in Stealth
  7479 | D:8      | HP: 4/56 [acid dragon/splash of acid (14)]
  7481 | D:8      | Reached skill level 3 in Stealth
  7680 | D:8      | Noticed a two-headed ogre
  7875 | D:8      | Noticed a deep elf pyromancer
  7942 | D:7      | Killed a deep elf pyromancer
  7943 | D:7      | Reached skill level 4 in Stealth
  7943 | D:7      | Reached XP level 10. HP: 63/63 MP: 10/10
  8053 | D:8      | You pick up a book of Flames and begin reading...
  8053 | D:8      | You add the spells Inner Flame and Sticky Flame to your
                  | library.
  8061 | D:8      | Noticed coolguy69's ghost (novice MiFi)
  8065 | D:8      | Reached skill level 5 in Stealth
  8098 | D:8      | Reached skill level 10 in Dodging
  8100 | D:8      | HP: 11/63 [gnoll/+0 spear[a gnoll sergeant] (6)]
  8107 | D:8      | Found a runed translucent gate.
  8107 | D:8      | Found a runed translucent gate.
  8107 | D:8      | Found a runed translucent gate.
  8117 | D:8      | HP: 10/63 [wight/+0 halberd (6)]
  8125 | D:8      | HP: 11/93 [wight/+0 battleaxe (7)]
  8141 | D:8      | Gained mutation: Your body sometimes deteriorates upon
                  | taking damage. [potion of mutation]
  8141 | D:8      | Gained mutation: You occasionally lose the ability to read
                  | scrolls when taking damage. [potion of mutation]
  8141 | D:8      | Gained mutation: Your flesh is heat resistant. (rF+)
                  | [potion of mutation]
  8171 | D:8      | Found Tyetuituh's Antique Armour Emporium.
  8389 | D:8      | HP: 7/63 [two-headed ogre/+0 giant club (17)]
  8390 | D:8      | Killed a two-headed ogre
  8391 | D:8      | Reached skill level 10 in Long Blades
  8391 | D:8      | Reached skill level 6 in Stealth
  8586 | D:8      | You pick up a book of the Senses and begin reading...
  8586 | D:8      | You add the spells Dazzling Flash, Agony and Silence to
                  | your library.
  8635 | D:8      | You pick up a book of Blasting and begin reading...
  8635 | D:8      | You add the spells Volatile Blastmotes, Fulminant Prism,
                  | Iskenderun's Mystic Blast and Lee's Rapid Deconstruction to
                  | your library.
  8796 | D:8      | Found Renac's Assorted Antiques.
  8806 | D:8      | Bought a potion of heal wounds for 105 gold pieces
  8806 | D:8      | Bought a brown potion for 18 gold pieces
  8806 | D:8      | Bought a scroll of identify for 42 gold pieces
  8951 | D:8      | Reached skill level 7 in Stealth
  8962 | D:8      | Killed coolguy69's ghost
  9084 | D:8      | Got the ring of Baomet {Fire Str+8}
  9177 | D:9      | Found a staircase to the Lair.
  9193 | D:9      | HP: 12/63 [polar bear (17)]
  9197 | D:9      | HP: 5/63 [polar bear (4)]
  9204 | D:9      | Reached skill level 8 in Stealth
  9374 | D:9      | Reached skill level 11 in Dodging
  9406 | D:9      | Reached XP level 11. HP: 67/67 MP: 11/11
  9430 | D:9      | Noticed Harold
  9447 | D:9      | Noticed a two-headed ogre
  9550 | D:9      | Noticed Amaemon
  9560 | D:9      | HP: 6/67 [Amaemon/+1 demon whip of venom (18)]
  9561 | D:9      | HP: 1/67 [poisoned by an orange demon]
  9562 | D:9      | Slain by Amaemon

Vanquished Creatures
  A two-headed ogre (D:8)
  The ghost of coolguy69 the Blocker, a novice MiFi of Okawaru (D:8)
  Pikel (D:5)
  A deep elf pyromancer (D:7)
  A rime drake (D:9)
  A polar bear (D:9)
  3 yaks (D:6)
  An unseen horror simulacrum (D:8)
  A steam dragon (D:8)
  2 acid dragons (D:8)
  3 water moccasins
  A black bear (D:6)
  An orc warrior (D:7)
  7 ice beasts
  3 ogres
  2 wolves (D:9)
  A phantom (D:5)
  2 kobold brigands
  A gnoll sergeant (D:8)
  4 bullfrogs
  3 scorpions
  5 wights
  6 hounds
  2 orc priests
  2 gnoll boudas
  Jessica (D:3)
  An iguana (D:6)
  2 orc wizards
  5 adders
  15 gnolls
  5 white imps (D:8)
  3 ufetubi
  3 dart slugs
  18 orcs
  4 ball pythons
  3 bats
  8 endoplasms
  3 giant cockroaches
  9 goblins
  7 hobgoblins
  2 jackals (D:5)
  9 kobolds
  2 quokkas
  6 frilled lizards
  4 rats
166 creatures vanquished.

Vanquished Creatures (others)
  3 fungi (D:6)
  3 toadstools (D:6)
6 creatures vanquished.

Grand Total: 172 creatures vanquished

Table legend:
 A = Non-vault XP
 B = Vault XP
 C = Vault XP percentage of total XP
 D = Non-vault monster count
 E = Vault monster count
 F = Vault count percentage of total count
                 A         B        C        D         E       F
            +---------+---------+-------+---------+---------+-------
      Total |    5947 |    3569 |  37.5 |     141 |      25 |  15.1
            +---------+---------+-------+---------+---------+-------
        D:1 |      33 |       0 |   0.0 |      16 |       0 |   0.0
        D:2 |      26 |       0 |   0.0 |      10 |       0 |   0.0
        D:3 |      41 |      37 |  47.4 |      21 |       1 |   4.5
        D:4 |      90 |      43 |  32.3 |      16 |       1 |   5.9
        D:5 |     497 |     685 |  58.0 |      15 |       1 |   6.2
        D:6 |    1044 |     142 |  12.0 |      11 |       6 |  35.3
        D:7 |    1751 |       0 |   0.0 |      26 |       0 |   0.0
        D:8 |    2148 |    1401 |  39.5 |      20 |       9 |  31.0
        D:9 |     317 |    1261 |  79.9 |       6 |       7 |  53.8
            +---------+---------+-------+---------+---------+-------

Skill      XL: |  1  2  3  4  5  6  7  8  9 10 |
---------------+-------------------------------+-----
Shields        | 4 |  4.0
Long Blades    | 3 4 5 6 7 9 10 | 10.8
Dodging        | 4 6 8 9 11 | 11.1
Stealth        | 4 8 |  8.8
Fighting       | |  3.0

Action                     |  1- 3 |  4- 6 |  7- 9 | 10-12 || total
---------------------------+-------+-------+-------+-------++-------
  Melee: Long sword        |    58 |    97 |   196 |   127 ||   478
         Constrict         |    15 |    23 |    41 |    19 ||    98
         Tentacles         |     7 |    16 |    54 |    38 ||   115
         Punch             |       |     1 |     3 |     2 ||     6
 Invoke: Stomp             |       |       |       |     6 ||     6
    Use: Scroll            |     5 |     5 |     3 |     2 ||    15
         Potion            |       |     1 |     3 |    10 ||    14
   Stab: Sleeping          |     5 |     8 |     6 |     2 ||    21
         Paralysed         |       |     1 |     8 |     7 ||    16
 Armour: Skin              |     3 |     1 |    10 |    18 ||    32
  Dodge: Dodged            |    49 |    93 |   126 |   156 ||   424
  Block: Buckler           |    12 |    28 |    44 |    50 ||   134

Illustrated notes

Table legend:
 A = Kills in this place as a percentage of kills in the entire game.
 B = Kills by you in this place as a percentage of kills by you in the entire game.
 C = Kills by friends in this place as a percentage of kills by friends in the entire game.
 D = Other kills in this place as a percentage of other kills in the entire game.
 E = Experience gained in this place as a percentage of experience gained in the entire game.
 F = Experience gained in this place divided by the number of levels of this place that you have seen.
                   A       B       C       D       E      F
               +-------+-------+-------+-------+-------+----------------------
         Total | 100.0 | 100.0 |   N/A |   N/A | 100.0 | 951.6
       Dungeon | 100.0 | 100.0 |   N/A |   N/A | 100.0 | 1057.3
               +-------+-------+-------+-------+-------+----------------------

Table legend: (Time is in decaauts)
 A = Elapsed time spent in this place.
 B = Non-inter-level travel time spent in this place.
 C = Inter-level travel time spent in this place.
 D = Time resting spent in this place.
 E = Time spent auto-exploring this place.
 F = Levels seen in this place.
 G = Mean time per level.
                   A        B        C        D        E       F      G
               +--------+--------+--------+--------+--------+-----+--------+
         Total |   9600 |   9129 |    471 |   1089 |   6506 |  10 |  960.0 |
       Dungeon |   9454 |   9014 |    440 |   1089 |   6405 |   9 | 1050.4 |
        Temple |    146 |    115 |     31 |      0 |    101 |   1 |  146.0 |
               +--------+--------+--------+--------+--------+-----+--------+

Top non-repeatable levels by time:
     D:6: 1442 daAuts
     D:5: 1431 daAuts
     D:7: 1403 daAuts
     D:8: 1268 daAuts
     D:2: 1175 daAuts
     D:3: 988 daAuts
     D:4: 745 daAuts
     D:1: 619 daAuts
     D:9: 380 daAuts
  Temple: 146 daAuts
